 Dungeon Crawl Stone Soup version 0.26-a0-1205-g4083c211ab (webtiles) character file.

Game seed: 5022657988691916958

6 CurlyBrace the Sneak (level 1, -1/10 HPs)
             Began as a Felid Delver on Dec 29, 2020.
             Was an Initiate of Cheibriados.
             Slain by a worm (10 damage)
             ... on level 4 of the Dungeon.
             The game lasted 00:01:34 (183 turns).

CurlyBrace the Sneak (Felid Delver)                  Turns: 183, Time: 00:01:35

Health: -1/10      AC:  1    Str:  9    XL:     1   Next: 75%
Magic:  2/2        EV: 18    Int: 12    God:    Cheibriados [......]
Gold:   8          SH:  0    Dex: 18    Spells: 0/0 levels left
                                        Lives:  0   Deaths: 0

rFire    + . .     SeeInvis +     - Unarmed
rCold    . . .     Faith    .   (shield unavailable)
rNeg     . . .     Spirit   .   (armour unavailable)
rPois    .         Reflect  .   (helmet unavailable)
rElec    .         Harm     .   (cloak unavailable)
rCorr    .         Rampage  .   (gloves unavailable)
Will     .....     Clarity  +   (boots unavailable)
Stlth    ++++......             (no amulet)
HPRegen  0.03/turn              (no ring)
MPRegen  0.08/turn              (no ring)

@: slow
A: very small, no armour, no weapons or thrown items, stealth, claws 1, fangs 3,
see invisible, clarity, fire resistance 1, speed 1, shaggy fur 1, MP-powered
wands, sharp paws
a: Renounce Religion, Bend Time


You were on level 4 of the Dungeon.
You worshipped Cheibriados.
Cheibriados was noncommittal.
You visited 2 branches of the dungeon, and saw 4 of its levels.

You collected 8 gold pieces.

Inventory:

Wands
 v - a wand of digging (3)
Scrolls
 a - a scroll of fog
 c - a scroll of fear
Potions
 h - a potion of haste


   Skills:
 - Level 3.0 Fighting
 + Level 2.9 Dodging
 + Level 6.7 Stealth
 * Level 2.3 Unarmed Combat


You couldn't memorise any spells.
You didn't know any spells.
Your spell library was empty.

Dungeon Overview and Level Annotations

Branches:
Dungeon (6/15)             Temple (1/1) D:6

Altars:
Ashenzari
Cheibriados
Dithmenos
Makhleb
Ru
Uskayaw
Vehumet
Xom
Zin

Shops:
D:5 (


Innate Abilities, Weirdness & Mutations

You cannot wear armour.
You are incapable of wielding weapons or throwing items.
Your paws allow you to move quietly. (Stealth)
You have sharp claws.
You have razor-sharp teeth.
You have supernaturally acute eyesight. (SInv)
You cover ground quickly.
You are covered in fur. (AC +1)
Your sharp claws are effective at attacking unaware monsters.
You possess an exceptional clarity of mind.
Your flesh is heat resistant. (rF+)
You expend magic power (3 MP) to strengthen your wands.


Message History

As you read the scroll labelled FURRAT VI IZA, it crumbles to dust.
You feel strangely unstable.
It was a scroll of teleportation.
The jackal misses you. x2
You scratch the jackal but do no damage.
The jackal completely misses you.
You scratch the jackal.
The jackal is almost dead.
The jackal barely misses you.
You scratch the jackal.
You kill the jackal!
Cheibriados appreciates the change of pace.
The jackal barely misses you.
You closely miss the jackal. The jackal misses you.
You scratch the jackal.
The jackal is heavily wounded.
Your surroundings suddenly seem different.
A worm comes into view.
The worm bites you!
Ouch! That really hurt!
You die...

#.# #.# #.# #
#.# .. #.# ...
#.# .... #.#
.....
#.######......
#.....@w......
########..####
.... ####


You could see a worm.

Vanquished Creatures
  A worm (D:4)
  A giant cockroach (D:6)
  A jackal (D:4)
3 creatures vanquished.

Vanquished Creatures (others)
  A plant (D:6)
1 creature vanquished.

Grand Total: 4 creatures vanquished

Notes
Turn   | Place    | Note
-------+----------+-------------------------------------------
     0 | D:5      | CurlyBrace the Felid Delver began the quest for the Orb.
     0 | D:5      | Reached XP level 1. HP: 10/10 MP: 2/2
    13 | D:6      | Noticed a howler monkey
    13 | D:6      | Noticed a jelly
    15 | D:6      | Found a staircase to the Ecumenical Temple.
    31 | Temple   | Entered the Ecumenical Temple
    43 | Temple   | Became a worshipper of Cheibriados the Contemplative
   155 | D:4      | Gained mutation: You possess an exceptional clarity of
                  | mind. [potion of mutation]
   155 | D:4      | Gained mutation: Your flesh is heat resistant. (rF+)
                  | [potion of mutation]
   155 | D:4      | Gained mutation: You expend magic power (3 MP) to
                  | strengthen your wands. [potion of mutation]
   183 | D:4      | Slain by a worm

Illustrated notes

Levels and vault maps discovered:
D:4:      lemuel_castle_with_subvaults [lemuel_castle_interior_carwin_2],
          layout_basic, nicolae_overflow_hidden_temple
D:5:      layout_loops_ring, serial_shops, nicolae_shop_window_shopping
D:6:      layout_layer_cave, minmay_temple_entry_gardened_gates,
          kennysheep_generic_room_11
Temple:   compressed_dpeg_circular_temple

Action                   || total
-------------------------++-------
Melee: Unarmed           ||     8
  Use: Scroll            ||     2
       Potion            ||     2
 Stab: Sleeping          ||     2
Dodge: Dodged            ||     8

Table legend: (Time is in decaauts)
 A = Elapsed time spent in this place.
 B = Non-inter-level travel time spent in this place.
 C = Inter-level travel time spent in this place.
 D = Time resting spent in this place.
 E = Time spent auto-exploring this place.
 F = Levels seen in this place.
 G = Mean time per level.
                   A        B        C        D        E       F      G
               +--------+--------+--------+--------+--------+-----+--------+
         Total |    184 |    173 |     11 |      0 |      0 |   4 |   46.0 |
       Dungeon |    160 |    160 |      0 |      0 |      0 |   3 |   53.3 |
        Temple |     23 |     12 |     11 |      0 |      0 |   1 |   23.0 |
               +--------+--------+--------+--------+--------+-----+--------+

Top non-repeatable levels by time:
     D:6: 68 daAuts
     D:4: 63 daAuts
     D:5: 29 daAuts
  Temple: 23 daAuts
